 Dungeon Crawl Stone Soup version 0.18-a0-596-g6468885 (webtiles) character file.

788 xeno23 the Gusty (level 7, 0/50 HPs)
             Began as a Demigod Air Elementalist on Dec 3, 2015.
             Slain by a sky beast (5 damage)
             ... on level 5 of the Dungeon.
             The game lasted 00:12:08 (3834 turns).

xeno23 the Gusty (Demigod Air Elementalist)         Turns: 3834, Time: 00:12:08

Health: 0/50       AC:  3    Str: 15    XL:     7   Next: 30%
Magic:  17/17      EV: 12    Int: 19    God:
Gold:   245        SH:  0    Dex: 16    Spells: 4 memorised, 6 levels left

rFire  . . .     SeeInvis .     e - +2 dagger (venom)
rCold  . . .     Clarity  .     a - +0 robe
rNeg   . . .     SustAt   +     (no shield)
rPois  .         Gourm    .     (no helmet)
rElec  .         Spirit   .     i - +0 cloak (curse)
rCorr  .         Dismiss  .     (no gloves)
rMut   .         Stasis   .     (no boots)
MR     .....                    (no amulet)
Stlth  +.........               (no ring)
                                (no ring)

@: repel missiles, not resistant to hostile enchantments, very unstealthy
A: high mp 1, sustain attributes
a: no special abilities


You were on level 5 of the Dungeon.
You were not hungry.

You visited 1 branch of the dungeon, and saw 5 of its levels.

You collected 245 gold pieces.

Inventory:

Hand Weapons
 e - a +2 dagger of venom (weapon)
 w - a +0 falchion
Armour
 a - a +0 robe (worn)
 i - a cursed +0 cloak (worn)
Wands
 j - a wand of flame (14)
 t - a wand of polymorph (8)
Scrolls
 d - 2 scrolls of identify
 g - a scroll of blinking {unknown}
 k - 2 scrolls of fog {unknown}
 l - 2 scrolls of recharging {unknown}
 m - a scroll of magic mapping
 o - a scroll of fear
 q - a scroll of random uselessness {unknown}
 s - 2 scrolls of remove curse {unknown}
 u - a scroll of teleportation {unknown}
 v - a scroll of noise {unknown}
Potions
 h - 2 potions of curing
 p - 2 potions of flight
 x - a potion of resistance {unknown}
Books
 b - a book of Air

   Spells                             Type                      Level
   a - Shock                          Conjuration/Air              1
   b - Swiftness                      Charms/Air                   2
   c - Repel Missiles                 Charms/Air                   2
   d - Static Discharge               Conjuration/Air              3
   e - Lightning Bolt                 Conjuration/Air              5
Comestibles
 c - 2 bread rations
 f - 2 slices of pizza
 n - a meat ration
 r - a beef jerky
 z - 2 chunks of flesh


   Skills:
 - Level 1.7 Dodging
 - Level 1.7 Stealth
 + Level 4.4 Spellcasting
 + Level 4.5 Conjurations
 + Level 5.1 Air Magic


You had 6 spell levels left.
You knew the following spells:

 Your Spells              Type           Power        Failure   Level  Hunger
a - Shock                 Conj/Air       ###.         1%          1    None
b - Swiftness             Chrm/Air       ##......     10%         2    #......
q - Static Discharge      Conj/Air       ###.....     8%          3    ###....
r - Repel Missiles        Chrm/Air       ##....       10%         2    #......


Dungeon Overview and Level Annotations

Branches:
Dungeon (5/15)
 Temple: D:4-7


Innate Abilities, Weirdness & Mutations

You have an increased reservoir of magic (+10% MP).
Your attributes are resistant to harm.


Message History

The sky beast is almost dead.
The sky beast hits you.
* * * LOW HITPOINT WARNING * * *
The sky beast shocks you.
* * * LOW HITPOINT WARNING * * *
You take 6 damage.
The sky beast flickers out of sight!
Deactivating autopickup; reactivate with Ctrl-A.
A sky beast appears from thin air!
Reactivating autopickup.
The sky beast flickers out of sight!
Deactivating autopickup; reactivate with Ctrl-A.
You enter the shallow water.
Moving in this stuff is going to be slow.
You enter the shallow water.
Moving in this stuff is going to be slow.
Something hits you.
* * * LOW HITPOINT WARNING * * *
Something shocks you.
You die...

#.##.##
#.#### #.#
#.#
#.###########
#...≈.......#
###########.#
#.# #@# #≈#
#.# #.# #.#
###########.#
#.#
#...........#
#.#
#≈###########
#.# #.# #.#
#.#


There were no monsters in sight!

Vanquished Creatures
  Grinder (D:3)
  An orc warrior (D:3)
  An ice beast (D:5)
  A gnoll shaman (D:4)
  An orc wizard (D:3)
  An orc priest (D:3)
  A centaur skeleton (D:4)
  A worker ant (D:5)
  5 adders
  10 gnolls
  2 oozes
  4 worms
  A giant gecko (D:2)
  12 orcs
  2 giant cockroaches
  3 goblins
  9 hobgoblins
  3 jackals (D:2)
  3 kobolds
  A quokka (D:3)
  7 bats
  4 giant newts
  15 rats
89 creatures vanquished.

Notes
Turn   | Place    | Note
--------------------------------------------------------------
     0 | D:1      | xeno23 the Demigod Air Elementalist began the quest for the Orb.
     0 | D:1      | Reached XP level 1. HP: 14/14 MP: 5/5
   111 | D:1      | Reached skill level 1 in Conjurations
   320 | D:1      | Reached XP level 2. HP: 18/20 MP: 5/7
   868 | D:1      | Reached skill level 3 in Air Magic
   979 | D:2      | Found an iron altar of Okawaru.
  1163 | D:2      | Reached XP level 3. HP: 22/26 MP: 0/9
  1935 | D:2      | Reached XP level 4. HP: 33/33 MP: 5/10
  2047 | D:3      | Noticed Grinder
  2064 | D:3      | Paralysed by Grinder for 3 turns
  2147 | D:4      | Learned a level 2 spell: Swiftness
  2150 | D:4      | Learned a level 2 spell: Repel Missiles
  2154 | D:4      | Learned a level 3 spell: Static Discharge
  2206 | D:4      | Found a glowing silver altar of Zin.
  2421 | D:4      | Reached XP level 5. HP: 32/38 MP: 3/12
  2709 | D:3      | Found a radiant altar of Vehumet.
  2787 | D:3      | Reached skill level 4 in Air Magic
  2894 | D:3      | Killed Grinder
  2894 | D:3      | Reached XP level 6. HP: 21/45 MP: 1/14
  3246 | D:3      | Reached XP level 7. HP: 45/50 MP: 6/16
  3556 | D:5      | Entered Level 5 of the Dungeon
  3582 | D:5      | Reached skill level 5 in Air Magic
  3801 | D:5      | HP: 1/50 [sky beast (5)]
  3834 | D:5      | Slain by a sky beast

Vault maps used:
D:1:      sevenhm_arrival_forest_fort_large_2
D:2:      okawaru_metal_pillars_3
D:3:      vehumet_altar_wand_db, first_bread, uniq_grinder
D:4:      zin_treasury
D:5:      hangedman_abyss_or_decor_lesser_grid

Action                   |  1- 3 |  4- 6 |  7- 9 || total
-------------------------+-------+-------+-------++-------
Melee: Dagger            |    51 |    24 |    28 ||   103
       Unarmed           |     4 |       |       ||     4
 Cast: Shock             |    50 |    76 |    16 ||   142
       Repel Missiles    |       |     1 |       ||     1
       Static Discharge  |       |     1 |       ||     1
  Use: Scroll            |       |     5 |       ||     5
 Stab: Sleeping          |     5 |     1 |       ||     6
  Eat: Chunk             |     3 |     5 |     1 ||     9
